 Dungeon Crawl Stone Soup version 0.25.1-2-g60ff931df9 (webtiles) character file.

Game seed: 17784424490509513335

49 lepoulpe303 the Poker (level 3, 0/28 HPs)
             Began as a Merfolk Gladiator on Aug 6, 2020.
             Was a Follower of Okawaru.
             Succumbed to a kobold's poison
             ... on level 2 of the Dungeon.
             The game lasted 00:03:06 (1190 turns).

lepoulpe303 the Poker (Merfolk Gladiator)           Turns: 1190, Time: 00:03:07

Health: 0/28       AC:  5    Str: 15    XL:     3   Next: 75%
Magic:  3/3        EV: 13    Int:  7    God:    Okawaru [*.....]
Gold:   86         SH:  0    Dex: 15    Spells: 2/2 levels left

rFire    . . .     SeeInvis .   a - +0 trident
rCold    . . .     Gourm    .   (no shield)
rNeg     . . .     Faith    .   n - -1 ring mail (curse)
rPois    .         Spirit   .   c - +0 helmet
rElec    .         Reflect  .   (no cloak)
rCorr    .         Harm     .   (no gloves)
MR       .....                  (no boots)
Stlth    +.........             (no amulet)
HPRegen  0.09/turn              (no ring)
MPRegen  0.08/turn              (no ring)

@: lethally poisoned (0 -> -29), stab
A: change form in water, swift swim, stealthy swim
a: Heroism, Renounce Religion


You were on level 2 of the Dungeon.
You worshipped Okawaru.
Okawaru was aware of your devotion.
You were not hungry.

You visited 1 branch of the dungeon, and saw 2 of its levels.

You collected 86 gold pieces.

Inventory:

Hand Weapons
 a - a +0 trident (weapon)
Missiles
 d - 4 throwing nets {=f}
Armour
 b - a +0 leather armour
 c - a +0 helmet (worn)
 n - a cursed -1 ring mail (worn)
Scrolls
 f - a scroll of amnesia {unknown}
 h - a scroll of remove curse {unknown}
 k - a scroll of magic mapping {unknown}
 l - a scroll of identify {unknown}
Potions
 g - a potion of curing {unknown}
 i - a potion of stabbing
 j - a potion of berserk rage {unknown}
Comestibles
 e - 5 rations
 m - 3 chunks of flesh


   Skills:
 + Level 2.4 Fighting
 * Level 5.2 Polearms
 + Level 2.3 Throwing
 * Level 1.1 Armour
 + Level 4.4 Dodging


You had 2 spell levels left.
You didn't know any spells.
Your spell library was empty.

Dungeon Overview and Level Annotations

Branches:
Dungeon (2/15)

Altars:
Okawaru
Wu Jian
Xom


Message History

You take 2 damage, and have 9/28 hp.
You closely miss the kobold.
* * * LOW HITPOINT WARNING * * *
You feel very sick. The kobold barely misses you.
You take 3 damage, and have 6/28 hp.
Unknown command.
You puncture the kobold!
You kill the kobold!
* * * LOW HITPOINT WARNING * * *
You feel very sick.
You take 2 damage, and have 4/28 hp.
You puncture the hobgoblin!
You kill the hobgoblin!
* * * LOW HITPOINT WARNING * * *
You feel sick.
You take 2 damage, and have 2/28 hp.
It was a potion of stabbing.
You feel ready to backstab.
You die...

#.....##..
#####.#
#.#####
#.....#
#..##.....
###...#
###
#.....#
#.###.# #.
#@# # #)#
#...$...#
#..=...?#
#.......#
#.......#
.........
######...
#...


There were no monsters in sight!

Levels and vault maps discovered:
D:1:      nzn_arrival_settlement, layout_basic, corexii_item_surrounded_by_moat,
          xom_teletrap_fun
D:2:      layout_basic, lemuel_crystal_altar,
          chequers_ecumenical_altar_simple_redux, serial_forest,
          infiniplex_forest_clump_C, infiniplex_forest_clump_double,
          infiniplex_forest_clump_medium, infiniplex_forest_end_2,
          infiniplex_forest_straight_5, infiniplex_forest_clump_curved,
          infiniplex_forest_clump_double, infiniplex_forest_lined_1

Notes
Turn   | Place    | Note
-------+----------+-------------------------------------------
     0 | D:1      | lepoulpe303 the Merfolk Gladiator began the quest for the
                  | Orb.
     0 | D:1      | Reached XP level 1. HP: 16/16 MP: 1/1
    60 | D:1      | Found a shimmering altar of Xom.
    87 | D:1      | Identified a cursed +0 whip
    87 | D:1      | Identified a +0 dagger
    95 | D:1      | Reached XP level 2. HP: 20/22 MP: 2/2
   155 | D:1      | Identified a +0 club
   220 | D:1      | You fall into a shaft and drop 1 floor!
   398 | D:2      | Found an ornate altar of the Wu Jian Council.
   401 | D:2      | Reached skill level 5 in Polearms
   401 | D:2      | Reached XP level 3. HP: 28/28 MP: 3/3
   425 | D:2      | Found a faded altar of an unknown god.
   443 | D:2      | Became a worshipper of Warmaster Okawaru
   443 | D:2      | Reached * piety under Okawaru
   470 | D:1      | Identified a +0 club
   496 | D:1      | Identified a +0 club
   703 | D:1      | Identified a +0 dagger
   728 | D:1      | Reached skill level 1 in Armour
  1123 | D:1      | Identified a cursed -1 ring mail (You found it on level 1
                  | of the Dungeon)
  1142 | D:2      | Identified a +0 dagger
  1168 | D:2      | Identified a +0 club
  1170 | D:2      | Identified a +2 short sword of venom
  1187 | D:2      | HP: 6/28 [poisoned by a kobold]
  1189 | D:2      | HP: 2/28 [poisoned by a kobold]
  1190 | D:2      | Identified 2 potions of stabbing
  1190 | D:2      | Succumbed to a kobold's poison

Table legend:
 A = Turns spent in this place as a percentage of turns spent in the entire game.
 B = Non-inter-level travel turns spent in this place as a percentage of non-inter-level travel turns spent in the entire game.
 C = Inter-level travel turns spent in this place as a percentage of turns spent in this place.
 D = Turns resting spent in this place as a percentage of non-inter-level travel turns spent in this place.
 E = Turns spent auto-exploring this place as a percentage of non-inter-level travel turns spent in this place.
 F = Non-inter-level travel turns spent in this place divided by the number of levels of this place that you've seen.
                   A       B       C       D       E      F
               +-------+-------+-------+-------+-------+----------------------
         Total | 100.0 | 100.0 |   8.0 |  13.4 |  63.5 | 547.5
       Dungeon | 100.0 | 100.0 |   8.0 |  13.4 |  63.5 | 547.5
               +-------+-------+-------+-------+-------+----------------------

Table legend:
 A = Kills in this place as a percentage of kills in entire the game.
 B = Kills by you in this place as a percentage of kills by you in the entire game.
 C = Kills by friends in this place as a percentage of kills by friends in the entire game.
 D = Other kills in this place as a percentage of other kills in the entire game.
 E = Experience gained in this place as a percentage of experience gained in the entire game.
 F = Experience gained in this place divided by the number of levels of this place that you have seen.
                   A       B       C       D       E      F
               +-------+-------+-------+-------+-------+----------------------
         Total | 100.0 | 100.0 |   N/A |   N/A | 100.0 |  35.0
       Dungeon | 100.0 | 100.0 |   N/A |   N/A | 100.0 |  35.0
               +-------+-------+-------+-------+-------+----------------------

Skill      XL: |  1  2  3 |
---------------+----------+-----
Polearms       | 5 |  5.2
Armour         | 1 |  1.1
Fighting       | |  2.4
Throwing       | |  2.3
Dodging        | |  4.4

Action                   || total
-------------------------++-------
Melee: Trident           ||   106
  Use: Potion            ||     1
 Stab: Sleeping          ||     1
  Eat: Chunk             ||     1
Armor: Leather armour    ||    17
       Ring mail         ||     3
Dodge: Dodged            ||    54

Vanquished Creatures
  An adder (D:2)
  2 dart slugs
  A leopard gecko (D:1)
  A ball python (D:1)
  5 giant cockroaches
  2 goblins
  3 hobgoblins
  7 kobolds
  4 bats (D:1)
  5 frilled lizards (D:1)
  3 rats (D:1)
34 creatures vanquished.
